Map: 16-Bit LE

Players

PartinG - Winner!

  • Race: Protoss Protoss
  • League: Grandmaster
  • Spawn Location: 7:00

JimRising

  • Race: Zerg Zerg
  • League: Grandmaster
  • Spawn Location: 1:00

VOD

Have the link to the VOD?

Description

Time

  • Played on: July 15, 2018, 1:10 a.m.
  • Length: 5:01
Show
View Real Time Build Order
Export as new Build Order

PartinG Protoss - Winner!

Build Orders: 1 Gate Expand 

Get SALT Encoding   

  12  0:00  Probe  
  13  0:12  Probe  
  14  0:18  Pylon  
  14  0:25  Probe  
  15  0:34  Probe  
  16  0:43  Probe  
  16  0:47  Gateway  
  17  0:51  Probe  
  17  0:52  Assimilator  
  18  1:00  Probe  
  19  1:08  Probe  
  20  1:31  Nexus  
  20  1:36  Cybernetics Core  
  20  1:38  Probe  
  21  1:44  Assimilator  
  21  1:50  Probe  
  21  1:53  Pylon  
  22  2:02  Probe  
  22  2:03  Stalker  
  23  2:14  Warp Gate  
  25  2:17  Probe  
  25  2:22  Pylon  
  26  2:31  Probe, Twilight Council  
  27  2:38  Zealot  
  27  2:43  Probe  
  30  2:44  Probe  
  30  2:47  Charge  
  31  2:57  Probe x2  
  33  3:04  Robotics Facility  
  33  3:10  Probe  
  34  3:15  Zealot  
  34  3:16  Probe  
  37  3:22  Probe  
  38  3:28  Probe  
  38  3:33  Gateway x2  
  39  3:36  Gateway  
  39  3:41  Gateway  
  39  3:42  Warp Prism  
  39  3:47  Gateway  
  41  4:00  Gateway  
  41  4:03  Gateway  
  41  4:06  Pylon  
  41  4:14  Pylon  
  41  4:19  Zealot  
  43  4:29  Pylon  
  43  4:44  Zealot x5  
  53  4:46  Zealot  
Show
View Real Time Build Order
Export as new Build Order

JimRising Zerg 

Build Orders: Hatch First 

Get SALT Encoding   

  12  0:00  Drone  
  13  0:13  Overlord  
  13  0:17  Drone  
  14  0:31  Drone  
  14  0:32  Drone  
  16  0:38  Drone  
  17  0:55  Hatchery  
  16  0:59  Drone  
  16  1:02  Drone  
  18  1:09  Extractor  
  17  1:18  Spawning Pool  
  17  1:19  Drone  
  17  1:25  Drone  
  18  1:28  Drone  
  19  1:51  Overlord  
  19  1:53  Drone  
  20  2:04  Queen  
  22  2:11  Queen  
  22  2:12  Zergling x4  
  22  2:13  Drone  
  27  2:15  Metabolic Boost  
  27  2:21  Drone  
  28  2:23  Drone  
  28  2:29  Drone  
  30  2:33  Drone  
  31  2:40  Drone  
  32  2:45  Drone  
  33  2:51  Hatchery  
  32  3:01  Overlord  
  32  3:02  Drone x2  
  34  3:06  Drone  
  35  3:13  Drone, Overlord  
  36  3:21  Drone x3  
  36  3:24  Drone x3  
  42  3:27  Queen  
  42  3:31  Drone  
  45  3:37  Spore Crawler  
  45  3:39  Drone, Spore Crawler  
  44  3:43  Queen  
  46  3:51  Drone x4  
  50  3:56  Overlord  
  50  4:00  Drone x2  
  52  4:10  Drone x5  
  52  4:15  Extractor  
  52  4:16  Extractor  
  55  4:18  Overlord  
  55  4:21  Drone  
  56  4:31  Drone  
  56  4:32  Drone x2  
  56  4:33  Overlord, Baneling Nest  
  58  4:40  Drone  
  58  4:42  Extractor  
Tags
 
Add a new tag
Caveats
  • Supply blocks, unpowered buildings, or Contaminate may cause inaccurate times.
  • Supply counts are checked every 10 seconds.